Map: Eflorescencia EE

Players

LNewlands

  • Race: Terran Terran
  • League: Silver
  • Spawn Location: 3:00

PlackTUM

  • Race: Protoss Protoss
  • Spawn Location: 12:00

MrFercho - Winner!

  • Race: Zerg Zerg
  • Spawn Location: 9:00

TATORREA - Winner!

  • Race: Protoss Protoss
  • League: Silver
  • Spawn Location: 6:00

VOD

Have the link to the VOD?

Description

Time

  • Played on: June 9, 2020, 8:25 p.m.
  • Length: 17:13
Show
View Real Time Build Order
Export as new Build Order

LNewlands Terran 

Build Orders:  

Get SALT Encoding   

  12  0:01  SCV  
  13  0:13  SCV  
  14  0:25  SCV  
  14  0:28  Supply Depot  
  15  0:49  SCV  
  16  0:51  Barracks  
  16  0:58  Supply Depot  
  16  1:01  SCV  
  16  1:02  Refinery  
  17  1:19  SCV  
  18  1:25  Engineering Bay  
  18  1:31  SCV  
  19  1:40  Marine  
  19  1:43  SCV  
  21  1:55  Bunker, SCV  
  21  1:58  Marine  
  21  2:01  Refinery  
  23  2:09  Terran Infantry Weapons Level 1  
  23  2:10  Orbital Command  
  23  2:32  Barracks Reactor  
  23  2:39  Supply Depot  
  23  3:00  SCV  
  23  3:02  Supply Depot  
  24  3:10  Marine x2  
  26  3:13  SCV  
  26  3:19  Factory  
  27  3:26  Barracks  
  27  3:27  Marine  
  27  3:28  Marine  
  29  3:45  Marine x2  
  31  3:56  Barracks  
  31  4:03  Marine x2, SCV  
  34  4:16  SCV  
  35  4:21  Factory Reactor, Marine x2  
  35  4:22  Barracks Tech Lab  
  37  4:32  Starport  
  37  4:39  Marine x2  
  37  4:42  Command Center  
  39  4:51  Barracks Tech Lab  
  39  5:07  Sensor Tower, Stimpack  
  39  5:09  Terran Infantry Armor Level 1  
  39  5:20  Marine x2, Factory Tech Lab  
  41  5:27  Supply Depot  
  41  5:28  Supply Depot  
  41  5:36  Combat Shield  
  41  5:38  Marine x2  
  43  5:44  Medivac  
  45  5:56  Marine x2  
  47  5:58  Siege Tank  
  50  6:07  SCV  
  51  6:13  Marine  
  51  6:14  Marine  
  53  6:19  SCV  
  54  6:31  Marine x2, SCV  
  51  6:43  SCV  
  46  6:55  SCV  
  44  7:12  SCV  
  45  7:17  SCV  
  46  7:24  SCV  
  46  7:25  Missile Turret  
  46  7:29  SCV  
  48  7:36  SCV  
  49  7:39  Medivac x2  
  49  7:41  SCV  
  49  7:44  Missile Turret x2  
  54  7:53  SCV  
  55  8:01  Barracks Reactor  
  55  8:05  SCV  
  56  8:09  Supply Depot  
  56  8:30  Marine x2  
  56  8:34  Supply Depot  
  58  8:35  Marauder  
  58  8:39  SCV  
  61  8:43  Refinery  
  61  8:44  Refinery  
  61  8:48  Marine x2  
  63  8:51  SCV  
  64  8:56  Marauder, Siege Tank  
  69  9:03  SCV  
  69  9:05  Marine  
  69  9:06  Marine  
  72  9:15  SCV  
  73  9:17  Marauder  
  73  9:23  Marine x2  
  77  9:27  SCV  
  78  9:39  SCV  
  78  9:41  Marine x2  
  81  9:51  SCV  
  68  10:03  SCV  
  63  10:19  Marine  
  63  10:20  Marine  
  65  10:21  Marine x2  
  67  10:33  Command Center  
  67  10:35  Refinery  
  67  10:37  Armory, Marine x2, Refinery  
  67  10:39  Marine x2  
  67  10:40  Factory  
  71  10:44  Starport  
  71  10:47  Starport  
  71  10:55  Marine x2  
  73  10:57  Marine x2  
  75  11:06  Orbital Command  
  75  11:13  Marine x2  
  75  11:15  Marine x2  
  75  11:16  Medivac x2  
  83  11:31  Marine x2  
  85  11:32  Marine  
  85  11:33  Marine  
  85  11:36  Factory Tech Lab  
  85  11:39  Marauder  
  89  11:43  Starport Tech Lab  
  89  11:44  Starport Tech Lab  
  89  11:46  Medivac x2  
  93  11:49  Marine x2  
  93  11:50  Marine x2  
  97  11:54  SCV  
  97  12:00  Marauder  
  100  12:06  Marine  
  100  12:07  Marine  
  102  12:09  Terran Infantry Weapons Level 2  
  102  12:21  Marauder  
  54  14:11  SCV  
  54  14:14  Marine x2  
  54  14:17  Viking x2  
  59  14:23  SCV  
  62  14:31  Marine x2  
  62  14:32  Marine x2  
  55  14:47  Viking x2  
  55  14:49  Marine x2  
  55  14:50  Marine x2  
  55  14:52  Missile Turret  
  62  14:54  Missile Turret  
  62  14:55  Missile Turret  
  62  14:59  Missile Turret  
  62  15:07  Marine x3  
  65  15:08  Thor, Marine  
  65  15:12  Thor  
  78  15:17  Viking x2  
  82  15:24  Marine  
  82  15:25  Marine x3  
  86  15:43  Marine x2  
  86  15:46  Viking  
  86  15:47  Viking  
  92  15:58  Marauder  
  94  16:08  Supply Depot x2  
  94  16:12  Supply Depot  
  94  16:17  Marine x3  
  94  16:18  Marine  
  93  16:19  Marauder  
  67  16:35  Marine x3  
  67  16:36  Marine  
  71  16:41  Marauder  
  69  16:52  Marine x2  
Show
View Real Time Build Order
Export as new Build Order

PlackTUM Protoss 

Build Orders:  

Get SALT Encoding   

  12  0:16  Pylon  
  12  0:23  Assimilator  
  12  0:29  Probe  
  12  0:30  Assimilator  
  13  0:37  Probe  
  14  0:47  Probe  
  15  0:59  Probe  
  16  1:05  Pylon  
  16  1:19  Gateway  
  16  1:22  Probe  
  17  1:50  Forge  
  17  2:11  Cybernetics Core  
  17  2:12  Zealot  
  19  2:23  Gateway  
  19  2:29  Protoss Ground Armor Level 1  
  19  2:40  Zealot  
  21  2:58  Warp Gate  
  21  2:59  Gateway  
  21  3:13  Probe  
  22  3:25  Probe  
  22  3:27  Zealot  
  25  3:38  Probe  
  26  3:42  Photon Cannon  
  26  3:50  Pylon  
  26  4:08  Gateway  
  26  4:26  Twilight Council  
  26  4:31  Pylon  
  26  4:49  Zealot  
  26  4:51  Zealot  
  26  4:52  Zealot  
  32  5:02  Protoss Ground Armor Level 2  
  32  5:18  Protoss Air Weapons Level 1  
  32  5:21  Zealot  
  32  5:22  Zealot  
  36  5:33  Zealot  
  38  5:44  Charge  
  38  6:17  Nexus  
  38  6:41  Templar Archives  
  38  7:03  Zealot  
  38  7:04  Zealot  
  38  7:06  Sentry  
  38  7:08  Stalker  
  46  7:24  Blink  
  46  7:36  Pylon  
  46  7:39  Probe  
  46  7:40  Pylon  
  47  7:47  Probe  
  47  7:57  Probe, High Templar  
  50  7:59  High Templar  
  53  8:07  Psionic Storm  
  53  8:11  Probe  
  54  8:23  Assimilator  
  54  8:28  Assimilator  
  54  8:33  Sentry  
  56  8:35  High Templar  
  56  8:36  High Templar  
  56  8:38  High Templar  
  56  8:40  Probe  
  62  8:48  Probe  
  63  8:55  Protoss Ground Armor Level 3  
  64  9:03  Probe  
  65  9:11  Probe  
  66  9:19  Probe  
  67  9:24  Sentry  
  67  9:26  Stalker  
  67  9:29  High Templar  
  67  9:30  High Templar  
  75  9:50  Probe  
  76  10:01  High Templar  
  78  10:11  Pylon  
  78  10:16  Pylon  
  78  10:27  Probe  
  78  10:35  Probe  
  79  10:41  Adept  
  82  10:44  Probe  
  83  10:50  Adept  
  83  10:53  Stalker  
  83  10:56  Probe  
  88  11:11  Robotics Facility  
  88  11:16  Sentry  
  88  11:17  Stalker  
  92  11:19  Stalker  
  94  11:37  Pylon  
  94  11:44  Pylon  
  94  11:52  Immortal  
  94  11:53  Protoss Ground Weapons Level 1  
  98  12:05  Stalker  
  98  12:07  Sentry  
  102  12:12  Stalker  
  104  12:17  Adept  
  104  12:22  Probe  
  107  12:30  Probe  
  108  12:39  Probe  
  109  12:49  Immortal  
  81  13:01  Archon  
  63  13:28  Immortal  
  67  13:35  High Templar  
  67  13:36  High Templar  
  67  13:37  High Templar  
  67  13:38  High Templar  
  67  13:40  Probe  
  75  13:48  Probe  
  77  14:05  Immortal  
  77  14:08  Sentry  
  77  14:09  Sentry  
  85  14:11  Sentry  
  85  14:12  Sentry  
  89  14:28  Robotics Facility  
  89  14:36  Immortal  
  93  14:48  Stalker  
  93  14:50  Stalker  
  93  14:52  Stalker  
  99  14:54  Sentry  
  101  15:15  Pylon  
  101  15:16  Immortal  
  105  15:22  Sentry  
  105  15:23  Sentry  
  109  15:34  Immortal  
  109  15:36  Pylon  
  109  15:42  Robotics Bay  
  113  15:51  Stalker  
  113  15:52  Stalker  
  113  15:55  Immortal  
  121  15:59  Archon  
  121  16:00  Archon x2  
  121  16:01  Archon  
  121  16:14  Immortal  
  57  16:45  High Templar  
  57  16:46  High Templar  
  55  16:48  High Templar  
Show
View Real Time Build Order
Export as new Build Order

MrFercho Zerg - Winner!

Build Orders: Hatch First 

Get SALT Encoding   

  12  0:01  Drone  
  13  0:13  Overlord  
  13  0:27  Drone  
  14  0:56  Drone x3  
  17  0:58  Hatchery  
  16  1:22  Drone x2  
  18  1:27  Spawning Pool  
  18  1:28  Drone  
  18  1:39  Drone  
  19  1:42  Extractor  
  18  1:50  Drone  
  19  2:01  Drone  
  20  2:10  Drone  
  20  2:13  Drone  
  20  2:14  Queen  
  20  2:15  Queen  
  26  2:28  Drone x2  
  28  2:34  Overlord x2  
  28  2:49  Roach Warren  
  28  2:51  Drone  
  28  2:52  Drone  
  28  2:58  Lair  
  29  2:59  Drone x2  
  31  3:09  Queen  
  31  3:11  Drone x2  
  35  3:14  Drone  
  35  3:18  Overlord  
  36  3:23  Extractor  
  36  3:25  Drone x3  
  36  3:26  Extractor  
  37  3:35  Evolution Chamber  
  36  3:43  Roach x4  
  44  3:56  Drone  
  44  3:57  Drone x2  
  44  3:58  Drone  
  48  4:06  Zerg Missile Weapons Level 1  
  48  4:17  Extractor, Drone  
  48  4:18  Drone x4  
  48  4:21  Overlord  
  52  4:41  Roach x4  
  60  5:00  Overlord x2  
  60  5:01  Overlord x3  
  60  5:22  Drone x3  
  63  5:32  Hatchery  
  63  5:34  Glial Reconstitution  
  62  5:42  Hydralisk Den  
  61  5:54  Drone x8  
  69  6:17  Hatchery  
  69  6:18  Hydralisk x6  
  68  6:24  Drone  
  81  6:37  Spine Crawler  
  80  6:41  Drone x4  
  84  6:50  Drone x2  
  86  6:56  Drone x2  
  88  7:07  Extractor, Queen  
  89  7:10  Extractor  
  88  7:31  Spore Crawler  
  88  7:32  Drone x3  
  88  7:33  Drone x7  
  97  7:47  Drone  
  97  7:48  Drone x3  
  101  8:12  Drone x4  
  105  8:13  Drone x7  
  112  8:37  Extractor  
  112  8:39  Evolution Chamber  
  112  8:40  Zerg Missile Weapons Level 2  
  110  8:41  Extractor  
  110  8:47  Grooved Spines, Infestation Pit  
  108  9:11  Drone x4  
  108  9:12  Overlord x3  
  108  9:13  Overlord x2  
  112  9:22  Overlord x5  
  112  9:23  Overlord x8  
  112  9:45  Overlord  
  112  9:46  Overlord x3  
  112  9:49  Hydralisk x8  
  122  9:59  Muscular Augments  
  118  10:11  Zerg Ground Armor Level 1  
  118  10:18  Hive  
  118  10:29  Drone  
  118  10:30  Drone x3  
  118  10:31  Drone x2  
  118  10:32  Drone x3  
  127  10:39  Hydralisk x5  
  127  10:40  Hydralisk x5  
  147  10:52  Overseer  
  147  10:56  Overseer  
  147  10:58  Overseer  
  147  11:01  Hydralisk x15  
  177  11:11  Spire  
  176  11:28  Hydralisk  
  176  11:29  Hydralisk x11  
  200  11:48  Extractor, Hatchery  
  200  11:50  Hydralisk  
  200  11:52  Hatchery  
  200  11:53  Extractor  
  198  11:54  Hatchery  
  197  12:05  Hydralisk  
  193  12:54  Mutalisk x10  
  193  12:55  Mutalisk x10  
  163  12:58  Hydralisk  
  163  12:59  Hydralisk  
  139  13:26  Hydralisk x12  
  159  13:36  Zerg Missile Weapons Level 3, Zerg Ground Armor Level 2  
  159  13:40  Greater Spire  
  159  13:46  Corruptor x3  
  163  14:09  Queen  
  161  14:30  Corruptor x6  
  161  14:31  Corruptor x2  
  177  15:27  Spore Crawler  
  176  15:34  Brood Lord x2  
  176  15:35  Brood Lord x7  
  194  15:41  Brood Lord  
  152  16:37  Hydralisk x21  
  152  16:38  Hydralisk x5  
  196  16:57  Overseer  
Show
View Real Time Build Order
Export as new Build Order

TATORREA Protoss - Winner!

Build Orders: Carriers 

Get SALT Encoding   

  12  0:02  Probe  
  13  0:23  Probe  
  13  0:26  Pylon  
  14  0:31  Probe  
  15  0:47  Gateway  
  15  0:50  Gateway  
  15  0:53  Probe  
  16  1:05  Probe  
  16  1:10  Assimilator  
  17  1:18  Probe  
  18  1:20  Pylon  
  18  1:30  Probe  
  19  1:50  Probe  
  20  1:55  Cybernetics Core  
  20  2:02  Probe  
  20  2:07  Nexus  
  21  2:15  Probe  
  21  2:21  Assimilator  
  22  2:27  Probe  
  23  2:35  Pylon  
  23  2:41  Probe  
  24  3:03  Twilight Council  
  24  3:06  Robotics Facility  
  24  3:07  Warp Gate  
  24  3:11  Probe  
  25  3:19  Stalker x2, Probe  
  30  3:34  Probe x2  
  32  3:44  Pylon  
  32  3:48  Pylon, Probe  
  32  3:49  Probe  
  34  3:56  Pylon, Zealot  
  34  3:57  Zealot  
  34  4:00  Probe  
  34  4:02  Probe  
  40  4:13  Probe  
  40  4:14  Probe  
  42  4:28  Probe  
  42  4:29  Probe  
  44  4:34  Gateway  
  44  4:37  Gateway  
  44  4:41  Probe x2  
  46  4:47  Assimilator  
  46  4:52  Assimilator, Warp Prism  
  48  4:57  Charge  
  48  5:09  Stargate  
  48  5:13  Probe x2, Stargate  
  50  5:17  Pylon  
  50  5:26  Probe x2  
  52  5:38  Probe x2  
  52  5:40  Forge  
  54  5:42  Forge  
  54  5:44  Forge  
  54  5:46  Cybernetics Core  
  54  5:50  Probe x2  
  54  5:54  Stalker x2  
  54  5:56  Stalker  
  62  6:00  Stalker  
  64  6:19  Zealot x3  
  70  6:30  Zealot  
  72  6:42  Stalker x2  
  72  6:43  Stalker  
  60  6:56  Stalker  
  48  7:24  Protoss Ground Weapons Level 1  
  48  7:25  Protoss Ground Armor Level 1  
  48  7:26  Protoss Shields Level 1  
  48  7:42  Protoss Air Weapons Level 1  
  48  7:44  Nexus  
  48  7:45  Protoss Air Armor Level 1  
  48  7:47  Pylon  
  48  7:51  Fleet Beacon  
  48  7:52  Pylon  
  48  7:53  Pylon  
  48  7:54  Pylon  
  48  7:57  Pylon  
  48  7:58  Pylon  
  48  8:04  Gateway  
  48  8:05  Gateway  
  48  8:08  Gateway  
  48  8:10  Gateway  
  48  8:14  Gateway  
  48  8:22  Gateway  
  48  8:25  Gateway  
  48  8:27  Gateway  
  48  8:29  Robotics Bay  
  48  8:31  Probe x2  
  50  8:49  Pylon  
  50  8:51  Pylon  
  50  8:52  Probe x2  
  50  8:54  Pylon  
  52  9:06  Probe  
  52  9:07  Probe x2  
  55  9:28  Probe x2  
  55  9:29  Probe  
  56  9:37  Assimilator  
  46  9:40  Stalker  
  46  9:41  Stalker x2, Assimilator  
  46  9:42  Stalker  
  46  9:43  Stalker x2  
  46  9:44  Stalker  
  54  9:46  Stalker  
  54  9:47  Stalker x3  
  56  10:07  Probe x2  
  56  10:08  Probe  
  59  10:19  Probe  
  59  10:20  Probe  
  61  10:26  Probe  
  62  10:31  Tempest, Carrier  
  62  10:32  Probe x2  
  75  10:38  Probe  
  76  10:44  Probe x2  
  78  10:50  Probe  
  78  10:54  Protoss Ground Weapons Level 2  
  78  10:56  Protoss Ground Armor Level 2, Probe x2  
  81  10:58  Protoss Shields Level 2  
  81  11:02  Probe  
  82  11:08  Probe x2  
  84  11:13  Tempest  
  89  11:34  Tempest  
  94  11:46  Immortal  
  98  11:56  Tempest  
  98  11:58  Probe  
  104  12:17  Tempest  
  104  12:20  Zealot x4  
  104  12:21  Zealot x4  
  125  12:23  Zealot  
  125  12:24  Protoss Air Weapons Level 2  
  125  12:26  Zealot  
  129  12:32  Protoss Air Armor Level 2  
  129  12:40  Carrier  
  135  13:00  Carrier  
  101  13:27  Nexus  
  101  13:35  Extended Thermal Lance  
  101  13:38  Colossus  
  107  13:44  Protoss Ground Weapons Level 3, Carrier  
  107  13:46  Protoss Ground Armor Level 3  
  107  13:48  Protoss Shields Level 3  
  113  14:05  Carrier  
  119  14:48  Carrier, Colossus  
  131  14:52  Zealot  
  131  14:53  Zealot x3  
  131  14:54  Zealot x4  
  131  14:55  Zealot x4  
  155  15:09  Carrier  
  161  15:25  Assimilator  
  161  15:28  Assimilator  
  161  15:39  Zealot x4  
  161  15:40  Zealot x4  
  161  15:41  Zealot  
  179  15:50  Pylon  
  179  15:53  Pylon  
  179  15:57  Pylon  
  179  16:08  Colossus  
  179  16:11  Tempest  
  190  16:13  Tempest  
Tags
 
Add a new tag
Caveats
  • Supply blocks, unpowered buildings, or Contaminate may cause inaccurate times.
  • Supply counts are checked every 10 seconds.